 Dungeon Crawl Stone Soup version 0.31.0-1-g2c135a008e (webtiles) character file.

Game seed: 13147545194543173123

40 qw the Shooter (level 3, 0/29 HPs)
             Began as a Djinni Hunter on Jan 23, 2024.
             Slain by Jessica
             ... wielding a +0 club
              (6 damage)
             ... on level 1 of the Dungeon.
             The game lasted 00:00:03 (755 turns).

qw the Shooter (Djinni Hunter)                       Turns: 755, Time: 00:00:04

Health: 0/29       AC:  3    Str: 10    XL:     3   Next: 72%
Gold:   35         EV: 12    Int: 10    God:
                   SH:  0    Dex: 18

rFire   + + .        a - +0 shortbow
rCold   x . .        (shield currently unavailable)
rNeg    . . .        c - +0 leather armour
rPois   inf          (no helmet)
rElec   .            (no cloak)
rCorr   .            (no gloves)
SInv    .            (boots unavailable)
Will    .....        (no amulet)
Stlth   ++           (no ring)
HPRegen 0.24/turn    (no ring)
MPRegen 0.00/turn

%: infuse magic (-1 HP)
@: flying
A: sickness immunity, fire resistance 2, cold vulnerability 1, float, innate
caster, HP casting, extra vitality 1
a: no special abilities


You were on level 1 of the Dungeon.
You visited 1 branch of the dungeon, and saw 2 of its levels.

You collected 35 gold pieces.


Innate Abilities, Weirdness & Mutations

You are immune to sickness and miasma.
You are immune to poison.
Your flesh is very heat resistant. (rF++)
You are vulnerable to cold. (rC-)
You float through the air rather than walking.
You learn spells naturally, not from books.
Your magical power is your life essence.
You have superior vitality. (+4 MHP)


   Skills:
 + Level 2.6 Fighting
 - Level 4.0 Ranged Weapons
 - Level 2.1 Dodging
 - Level 0.7 Stealth


You knew the following spells:

 Your Spells              Type           Power      Damage    Failure   Level
a - Shock                 Conj/Air       0%         1d3       45%         1
Your spell library was empty.

Inventory:

Hand Weapons
 a - a +0 shortbow (weapon)
Armour
 c - a +0 leather armour (worn)

Dungeon Overview and Level Annotations

Branches:
Dungeon (2/15)

Altars:

Shops:
D:1 (

Annotations:
D:1 Jessica


Message History

You shoot an arrow. The arrow hits the orc.
The orc is heavily wounded.
The orc barely misses you. The orc hits you with a +0 short sword.
You shoot an arrow. The arrow hits the orc!
You kill the orc!
You start resting.
HP restored.
Done exploring.
What level of the Dungeon? (default 2, ? - help)
You fly downwards.
Level annotation: Jessica
There is a stone staircase leading up here.
There are monsters nearby!
You shoot an arrow. The arrow hits the orc wizard.
The orc wizard is lightly wounded.
A frilled lizard comes into view.
750 ||| STAIRDANCE Jessica hits you with a +0 club.
You fly upwards.
There is a stone staircase leading down here.
You shoot an arrow. The arrow hits the orc wizard.
The orc wizard is heavily wounded.
Jessica hits you with a +0 club. The orc wizard completely misses you.
You shoot an arrow.
The arrow hits the orc wizard but does no damage.
The orc wizard is heavily wounded.
Jessica looks very angry.
Jessica points at you and mumbles some strange words.
Pain shoots through your body! The orc wizard barely misses you.
You shoot an arrow. The arrow barely misses the orc wizard.
Jessica barely misses you.
The orc wizard hits you with a +0 dagger.
Jessica casts a spell at you. Pain shoots through your body!
The orc wizard hits you with a +0 dagger.
You shoot an arrow.
The arrow hits the orc wizard but does no damage.
The orc wizard is heavily wounded.
Jessica hits you with a +0 club.
You die...

######### #.......########
#.#............#
#....%.........######
##..@[...............
##.@o...............
#.................#
############................##
######...............%..)...#
######..................###.#
######..................# #.#
######..................# #.##
######..................# #...


You could see an orc wizard and Jessica.

Vanquished Creatures
  A gnoll (D:1)
  2 dart slugs (D:1)
  An orc (D:1)
  An endoplasm (D:1)
  A goblin (D:1)
  2 hobgoblins (D:1)
  3 quokkas (D:1)
  5 ball pythons (D:1)
  4 bats (D:1)
  A frilled lizard (D:1)
  3 kobolds (D:1)
  A rat (D:1)
25 creatures vanquished.

Notes
Turn   | Place    | Note
-------+----------+-------------------------------------------
     0 | D:1      | qw the Djinni Hunter began the quest for the Orb.
     0 | D:1      | Reached XP level 1. HP: 18/18 MP: 0/0
     0 | D:1      | 0 ||| qw: Version: 0.3-a-135-gb77e89d
     0 | D:1      | 0 ||| qw: Game counter: 859
     0 | D:1      | 0 ||| qw: Melee chars always use a shield: true
     0 | D:1      | 0 ||| qw: God list: Okawaru
     0 | D:1      | 0 ||| qw: Allow faded altars: false
     0 | D:1      | 0 ||| qw: Do Orc after clearing Dungeon:15 true
     0 | D:1      | 0 ||| qw: Do second Lair branch before Depths: true
     0 | D:1      | 0 ||| qw: Lair rune preference: random
     0 | D:1      | 0 ||| qw: Goals: Normal
     0 | D:1      | 0 ||| PLANNING D:1-11
    78 | D:1      | Reached XP level 2. HP: 23/23 MP: 0/0
   196 | D:1      | Found Usimm's Antique Weapon Emporium.
   210 | D:1      | Reached XP level 3. HP: 28/28 MP: 0/0
   210 | D:1      | Learned a level 1 spell: Shock
   228 | D:1      | Reached skill level 4 in Ranged Weapons
   651 | D:1      | 651 ||| READING scroll labelled OFIUME RACIZIU.
   652 | D:1      | 652 ||| READING scroll labelled SEQ FOVIUFEAB.
   653 | D:1      | 653 ||| READING scroll labelled IMAROZ IXKUQOU.
   653 | D:1      | 653 ||| ENCHANTING +0 shortbow.
   654 | D:1      | 654 ||| READING scroll labelled XOCROV VIURCHE.
   654 | D:1      | 654 ||| IDENTIFYING fuming green potion
   655 | D:1      | 655 ||| READING scroll labelled PUEKHAPL MICVE.
   656 | D:1      | 656 ||| DRINKING 3 murky grey potions.
   657 | D:1      | 657 ||| DROPPING scroll of butterflies.
   658 | D:1      | 658 ||| DROPPING potion of lignification.
   659 | D:1      | 659 ||| DROPPING 2 potions of magic.
   671 | D:2      | Noticed Jessica
   673 | D:2      | 673 ||| STAIRDANCE
   705 | D:2      | 705 ||| STAIRDANCE
   707 | D:1      | 707 ||| DRINKING green potion.
   750 | D:2      | 750 ||| STAIRDANCE
   754 | D:1      | HP: 6/29 [orc wizard/+0 dagger (3)]
   755 | D:1      | Slain by Jessica

Levels and vault maps discovered:
D:1:      co_arrival_hexagon_in_a_hexagon, layout_basic, serial_shops, shop,
          grunt_decor_fettered
D:2:      layout_basic, uniq_jessica

Skill      XL: |  1  2  3 |
---------------+----------+-----
Ranged Weapons | 4 |  4.0
Fighting       | |  2.6
Dodging        | |  2.1
Stealth        | |  0.7

Action                     || total
---------------------------++-------
   Fire: Shortbow          ||    60
    Use: Scroll            ||     5
         Potion            ||     2
 Armour: Leather armour    ||    16
  Dodge: Dodged            ||    12

Table legend:
 A = Non-vault XP
 B = Vault XP
 C = Vault XP percentage of total XP
 D = Non-vault monster count
 E = Vault monster count
 F = Vault count percentage of total count
                 A         B        C        D         E       F
            +---------+---------+-------+---------+---------+-------
      Total |      58 |       0 |   0.0 |      25 |       0 |   0.0
            +---------+---------+-------+---------+---------+-------
        D:1 |      58 |       0 |   0.0 |      25 |       0 |   0.0
            +---------+---------+-------+---------+---------+-------
